 Dungeon Sprint DCSS version 0.31-a0-460-g9e667d4245 (webtiles) character file.

Game seed: 2861494005555954489

203 Midn8 the Basher (level 5, -1/42 HPs)
             Began as a Demonspawn Gladiator on Aug 5, 2023.
             Slain by a deep elf pyromancer
             ... wielding a +1 long sword of holy wrath
              (2 damage)
             ... in the Dungeon (Sprint III: "The Ten Rune Challenge").
             The game lasted 00:02:03 (303 turns).

Midn8 the Basher (Demonspawn Gladiator)              Turns: 303, Time: 00:02:03

Health: -1/42      AC:  4    Str: 15    XL:     5   Next: 51%
Magic:  4/4        EV: 13    Int: 14    God:
Gold:   18         SH:  0    Dex: 13    Spells: 4/4 levels left

rFire   . . .        a - +0 flail
rCold   . . .        (no shield)
rNeg    . . .        b - +0 leather armour
rPois   .            c - +0 helmet
rElec   .            (no cloak)
rCorr   .            (no gloves)
SInv    .            (no boots)
Will    .....        (no amulet)
Stlth   +            (no ring)
HPRegen 0.27/turn    (no ring)
MPRegen 0.09/turn

%: no teleportation, clarity
@: no status effects
A: demonic touch 2, clarity, clever 1, low MP 1
a: no special abilities


You were in the Dungeon.
You visited 1 branch You collected 18 gold pieces.

Inventory:

Hand Weapons
 a - a +0 flail (weapon)
Missiles
 d - 2 throwing nets (quivered)
 e - a javelin
Armour
 b - a +0 leather armour (worn)
 c - a +0 helmet (worn)
Scrolls
 k - a scroll of blinking
 l - a scroll of poison {unknown}
 m - 4 scrolls of identify
 p - a scroll of immolation {unknown}
Potions
 f - 2 potions of curing
 g - a potion of heal wounds
 h - a potion of haste
 i - 2 potions of magic
 n - 3 potions of enlightenment
 o - 4 potions of mutation


   Skills:
 + Level 4.1 Fighting
 - Level 10.0 Maces & Flails
 - Level 1.7 Throwing
 - Level 4.0 Dodging


You had 4 spell levels left.
You didn't know any spells.
Your spell library contained the following spells:

 Spells                   Type           Power      Damage    Failure   Level
 Freeze                   Ice            0%         1d3       34%         1
 Necrotise                Necr           0%         1d4       34%         1
 Frozen Ramparts          Ice            0%         1d1       71%         3
 Hailstorm                Conj/Ice       0%         3d3       71%         3
 Vampiric Draining        Necr           0%         2d6       71%         3
 Agony                    Necr           0%         N/A       100%        5


Dungeon Overview and Level Annotations

Branches:
Dungeon (1/1)

Altars:
Kikubaaqudgha
Sif Muna
Vehumet


Innate Abilities, Weirdness & Mutations

Your touch may inflict irresistible damage on your foes.
You possess an exceptional clarity of mind.
Your mind is acute. (Int +4, Str/Dex -1)
Your magical capacity is low. (-10% MP)


Message History

You hear a shout!
You open the door.
Found three altars.
A deep elf pyromancer comes into view.
It is wielding a +1 long sword of holy wrath.
Found a potion of curing.
The deep elf pyromancer shouts!
There is an open door here.
You hit the deep elf pyromancer.
You touch the deep elf pyromancer!
The deep elf pyromancer is heavily wounded.
You hear a shout!
The deep elf pyromancer barely misses you.
You closely miss the deep elf pyromancer.
The deep elf pyromancer is heavily wounded.
The deep elf pyromancer gestures wildly while chanting.
The deep elf pyromancer blinks!
You hear a shout!
The deep elf pyromancer barely misses you.
You barely miss the deep elf pyromancer.
The deep elf pyromancer is heavily wounded.
The deep elf pyromancer hits you but does no damage.
You closely miss the deep elf pyromancer.
The deep elf pyromancer is heavily wounded.
You hear a shout!
The deep elf pyromancer hits you with a +1 long sword of holy wrath!
You convulse.
You hit the deep elf pyromancer.
Your touch misses the deep elf pyromancer.
The deep elf pyromancer is heavily wounded.
You hear a shout!
The deep elf pyromancer points at you and mumbles some strange words.
The bolt of fire hits you!!
Ouch! That really hurt!
* * * LOW HITPOINT WARNING * * *
You hear a shout!
You barely miss the deep elf pyromancer.
The deep elf pyromancer is heavily wounded.
The deep elf pyromancer hits you with a +1 long sword of holy wrath.
* * * LOW HITPOINT WARNING * * *
You convulse.
You die...

▓▓▓▓▓▓ ▓▓▓ '....♣♣♣
♣.##### #....♣.♣ ♣.#___#
#....♣.♣ ♣.#!..#
#....~.♣♣♣♣.###'#+###+##
#...~~♣♣..♣.#...@e.....#
#..~~~~.....'.⌠........#
#..~≈≈~~~♣♣.#...######+#
#.~~≈~~~....#.⌠.#
#.~≈~~~.....#...#
#†~~~.......#'###
#...........#)).#
............#___#
▓▓▓▓▓▓▓▓▓▓▓▓▓▓▓▓▓


You could see a deep elf pyromancer.

Vanquished Creatures
  A scorpion (D)
  A water elemental (D)
  A wizard (D)
  Jessica (D)
  A human (D)
  A kobold demonologist (D)
  2 endoplasms (D)
8 creatures vanquished.

Notes
Turn   | Place    | Note
-------+----------+-------------------------------------------
     0 | D        | Midn8 the Demonspawn Gladiator began the quest for the Orb.
     0 | D        | Reached XP level 1. HP: 16/16 MP: 1/1
     5 | D        | Reached skill level 3 in Maces & Flails
    11 | D        | Noticed Jessica
    19 | D        | Killed Jessica
    20 | D        | Reached skill level 6 in Maces & Flails
    20 | D        | Gained mutation: Your touch may inflict minor irresistible
                  | damage on your foes. [demonic ancestry]
    20 | D        | Reached XP level 2. HP: 16/23 MP: 2/2
    20 | D        | Reached XP level 3. HP: 20/28 MP: 3/3
    62 | D        | Noticed a scorpion
    74 | D        | Killed a scorpion
    75 | D        | Reached skill level 7 in Maces & Flails
    75 | D        | Gained mutation: Your touch may inflict irresistible damage
                  | on your foes. [demonic ancestry]
    75 | D        | Reached XP level 4. HP: 35/35 MP: 4/4
    99 | D        | Gained mutation: Your mind is acute. (Int +4, Str/Dex -1)
                  | [potion of mutation]
    99 | D        | Gained mutation: Your magical capacity is low. (-10% MP)
                  | [potion of mutation]
    99 | D        | Gained mutation: You possess an exceptional clarity of
                  | mind. [potion of mutation]
   123 | D        | Reached skill level 8 in Maces & Flails
   219 | D        | Noticed a water elemental
   223 | D        | Killed a water elemental
   224 | D        | Reached skill level 9 in Maces & Flails
   224 | D        | Reached XP level 5. HP: 41/41 MP: 4/4
   260 | D        | Found a radiant altar of Vehumet.
   261 | D        | Found a shimmering blue altar of Sif Muna.
   261 | D        | Found an ancient bone altar of Kikubaaqudgha.
   267 | D        | Reached skill level 10 in Maces & Flails
   296 | D        | Noticed a deep elf pyromancer
   303 | D        | HP: 1/42 [deep elf pyromancer/+1 long sword of holy wrath
                  | (4)]
   303 | D        | Slain by a deep elf pyromancer

Illustrated notes

Levels and vault maps discovered:
D:        dungeon_sprint_mu [sprint_mu_entry_forest, sprint_mu_temple_rooms,
          sprint_mu_d1_spiders, sprint_mu_d2_genie, sprint_mu_d3_branching,
          sprint_mu_orc_legion, sprint_mu_elf_gauntlet, sprint_mu_hive_nellie,
          sprint_mu_lair_fedhas, sprint_mu_vaults_butterflies,
          sprint_mu_slime_circle, sprint_mu_swamp_cave, sprint_mu_shoals_archi,
          sprint_mu_blade_basic, sprint_mu_crypt_fortress,
          sprint_mu_tomb_spiral, sprint_mu_vestibule_basic,
          sprint_mu_gehenna_hellfire, sprint_mu_dis_giant,
          sprint_mu_tartarus_statrot, sprint_mu_cocytus_islands, sprint_mu_zot1]

Skill      XL: |  1  2  3  4  5 |
---------------+----------------+-----
Maces & Flails | 6 7 9 10 | 10.0
Fighting       | 3 4 |  4.1
Dodging        | 4 |  4.0
Throwing       | |  1.7

Action                     |  1- 3 |  4- 6 || total
---------------------------+-------+-------++-------
  Melee: Flail             |    11 |    26 ||    37
         Touch             |     2 |     4 ||     6
         Punch             |       |     2 ||     2
  Throw: Throwing net      |     1 |       ||     1
    Use: Potion            |       |     2 ||     2
 Armour: Leather armour    |     1 |     4 ||     5
  Dodge: Dodged            |     6 |    10 ||    16

Table legend: (Time is in decaauts)
 A = Elapsed time spent in this place.
 B = Non-inter-level travel time spent in this place.
 C = Inter-level travel time spent in this place.
 D = Time resting spent in this place.
 E = Time spent auto-exploring this place.
 F = Levels seen in this place.
 G = Mean time per level.
                   A        B        C        D        E       F      G
               +--------+--------+--------+--------+--------+-----+--------+
         Total |    313 |    313 |      0 |    149 |      0 |   1 |  313.0 |
       Dungeon |    313 |    313 |      0 |    149 |      0 |   1 |  313.0 |
               +--------+--------+--------+--------+--------+-----+--------+

Top non-repeatable levels by time:
       D: 313 daAuts
